Cogmind - Beta 15 @@@ ROGUE MODE // 2025.05.24 @ 18:41:55 Player: celerysam Result: Destroyed by DU-5GC(R) with Subdweller Beam Cannon Performance ------------- Evolutions (0) 0 Regions Visited (2) 400 Robots Destroyed (25) 125 Value Destroyed (508) 508 Prototype IDs (0) 0 Alien Tech Used (0) 0 Bonus (0) 0 TOTAL SCORE: 1033 Bonus ------- None Cogmind --------- Core Integrity 0/250 Matter 239/300 Energy 247/250 System Corruption 0% Temperature Cool (11) Movement Rolling (107) Ox1 Location -10/Subcaves Parts ------- > --- POWER (1) -------- Ion Engine > --- PROPULSION (2) --- Wheel Subdweller Monowheel > --- UTILITY (2) ------ High-capacity Storage Unit Targeting Computer > --- WEAPON (2) ------- Beam Cannon Battle Rifle > --- INVENTORY (20) --- Ion Engine Light Nuclear Core Wheel Wheel Wheel VTOL Module VTOL Module VTOL Module VTOL Module Improved Heat Sink Small Storage Unit Sensor Array Signal Interpreter Seismic Detector Propulsion Shielding Grenade Launcher Datajack Mining Laser Peak State ------------ > --- POWER ------------ Ion Engine > --- PROPULSION ------- Wheel Subdweller Monowheel > --- UTILITY ---------- High-capacity Storage Unit Targeting Computer > --- WEAPON ----------- Beam Cannon Battle Rifle > --- INVENTORY -------- Ion Engine Light Nuclear Core Wheel Wheel Wheel VTOL Module VTOL Module VTOL Module VTOL Module Improved Heat Sink Small Storage Unit Sensor Array Signal Interpreter Seismic Detector Propulsion Shielding Grenade Launcher Datajack Mining Laser [Rating: 11] Favorites ----------- Power Ion Engine Engine Ion Engine Propulsion Wheel Leg Aluminum Leg Wheel Wheel Utility Targeting Computer Storage High-capacity Storage Unit Processor Targeting Computer Weapon Assault Rifle Energy Gun Small Laser Energy Cannon Beam Cannon Ballistic Gun Assault Rifle Launcher Grenade Launcher Special Weapon Mining Laser Build | -11 -10 -10 ------- Run | Yrd Mat Sub Slots Evolved . | . . . Power . | . . . Propulsion . | . . . Utility . | . . . Weapon . | . . . Parts Attached 19 | 6 9 4 Power 2 | 1 1 . Engine 2 | 1 1 . Core . | . . . Reactor . | . . . Propulsion 7 | 2 4 1 Treads . | . . . Leg 2 | 2 . . Wheel 5 | . 4 1 Hover . | . . . Flight . | . . . Utility 3 | 1 2 . Device . | . . . Storage 2 | 1 1 . Processor 1 | . 1 . Hackware . | . . . Protection . | . . . Artifact . | . . . Weapon 7 | 2 2 3 Energy Gun 2 | 1 1 . Energy Cannon 1 | . . 1 Ballistic Gun 2 | 1 . 1 Ballistic Cannon . | . . . Launcher 1 | . . 1 Special Weapon 1 | . 1 . Impact Weapon . | . . . Slashing Weapon . | . . . Piercing Weapon . | . . . Special Melee Weapon . | . . . Unidentified Prototypes . | . . . Parts Lost 5 | . 3 2 Power 1 | . 1 . Propulsion 1 | . 1 . Utility . | . . . Weapon 3 | . 1 2 Highest Loss Streak 2 | . 1 2 To Critical Strikes . | . . . Average Backups 15 | 4 15 18 Power 2 | . 2 2 Propulsion 7 | 3 7 7 Utility 3 | . 2 6 Weapon 2 | . 2 2 Tool/Special . | . . . Unused Backups 21 | . 6 15 Power 3 | . . 3 Propulsion 10 | . 3 7 Utility 5 | . 1 4 Weapon 2 | . 2 . Tool/Special 1 | . . 1 Average Slot Usage (%) 95 | . 93 98 Engine 13 | . 13 14 Leg 5 | . 7 . Wheel 20 | . 17 28 Storage 14 | . 14 14 Processor 12 | . 11 14 Energy Gun 9 | . 13 2 Energy Cannon 3 | . . 11 Ballistic Gun 10 | . 14 2 Special Weapon 3 | . . 9 Peak Build Rating 11 | 6 10 11 Average Rating 8 | 4 8 10 On Entrance 5 | . 6 10 Naked Turns . | . . . Heaviest Build 51 | 11 49 51 Greatest Support 36 | 20 36 30 Greatest Overweight (x) 4 | . 3 4 Average Overweight (x) 1 | . . 1 Largest Inventory Capacity 20 | 8 20 20 Average Capacity 17 | 6 16 20 Most Carried 20 | 6 20 20 Average Carried 15 | 4 15 18 Final Capacity 20 | 8 20 20 Final Carried 20 | 6 20 18 Class Distribution -------------------- 100% | Mutant Dominant Class ---------------- Mutant | -10/Materials Mutant | -10/Subcaves Resources | -11 -10 -10 ----------- Run | Yrd Mat Sub Matter Collected 502 | 168 299 35 Remotely . | . . . Salvage Created 647 | . 513 134 Parts 42 | . 32 10 Haulers Intercepted . | . . . Recyclers Shooed . | . . . Parts Field Recycled . | . . . Retrieved Matter . | . . . Parts Self-Destructed 13 | . . 13 Prevented . | . . . Kills | -11 -10 -10 ------- Run | Yrd Mat Sub Combat Hostiles Destroyed 22 | . 16 6 Guns 17 | . 16 1 Cannons 3 | . . 3 AOE 2 | . . 2 Classes Destroyed 4 | . 3 1 Watcher 3 | . 3 . Swarmer 14 | . 10 4 Grunt 6 | . 6 . Subdweller 2 | . . 2 Best Kill Streak 5 | . 4 5 Combat Bots Only 5 | . 3 5 Max Kills in Single Turn 1 | . 1 1 Gunslinging . | . . . Exploded 1 | . . 1 Melee . | . . . Uniques/NPCs Destroyed . | . . . Combat | -11 -10 -10 -------- Run | Yrd Mat Sub Hostile Shots Fired 122 | . 76 46 Missed 41 | . 26 15 Hits 81 | . 50 31 Projectile 81 | . 50 31 Damage Taken 814 | . 519 295 Core 255 | . 150 105 Absorbed by Shields . | . . . Core Remaining (%) 100 | 100 . . Volleys Fired 69 | . 42 27 Largest 2 | . 2 2 Hottest 100 | . 100 100 Shots Fired 114 | . 81 33 Gun 83 | . 79 4 Cannon 15 | . . 15 Launcher 2 | . . 2 Special 14 | . 2 12 Kinetic 42 | . 40 2 Thermal 60 | . 33 27 Explosive 2 | . . 2 Electromagnetic 10 | . 8 2 Robot Hit Streak 9 | . 9 5 Robot Miss Streak 2 | . 2 2 Penetration Max . | . . . Secondary Targets 2 | . 2 . Max Gunslinging Chain 1 | . 1 . Shots Hit Robots 67 | . 54 13 Core Hits 36 | . 27 9 Critical Kills . | . . . Critical Parts Destroyed . | . . . Critical Strikes 1 | . . 1 Corrupt 1 | . . 1 Melee Attacks . | . . . Impact . | . . . Slashing . | . . . Piercing . | . . . Sneak Attacks . | . . . Combat Hostiles . | . . . Follow-up Attacks . | . . . Damage Inflicted 977 | . 653 324 Guns 695 | . 653 42 Cannons 176 | . . 176 Explosions 106 | . . 106 Melee . | . . . Ramming . | . . . Kinetic 378 | . 358 20 Thermal 429 | . 253 176 Explosive 106 | . . 106 Electromagnetic 64 | . 42 22 Impact . | . . . Slashing . | . . . Piercing . | . . . Highest Corruption . | . . . Average Corruption . | . . . Corruption Purged . | . . . Corruption Blocked . | . . . Overload Shots . | . . . Overflow Damage . | . . . Projectiles . | . . . Explosions . | . . . Melee . | . . . Knockbacks . | . . . Impact . | . . . Kinetic . | . . . Secondary . | . . . Self-Inflicted Damage . | . . . Shots . | . . . Rammed . | . . . Targets Rammed . | . . . Kicked . | . . . Crushed . | . . . Highest Temperature 60 | . 60 4 Average Temperature 22 | . 24 2 Received Heat Transfer 195 | . 153 42 Siege Activations . | . . . Martial Activations . | . . . Shielding Activations . | . . . Robots Disrupted . | . . . Combat Hostiles . | . . . Robots Corrupted . | . . . Combat Hostiles . | . . . Parts Fried . | . . . Impact Corruptions . | . . . Robots Melted . | . . . Combat Hostiles . | . . . Parts Melted . | . . . Heat Transferred 945 | . 575 370 Parts Sabotaged . | . . . Parts Stolen . | . . . Parts Stripped . | . . . Power Chain Reactions . | . . . Alert | -11 -10 -10 ------- Run | Yrd Mat Sub Maximum Alert Level . | . . . Low Security (%) 100 | 100 100 . Level 1 . | . . . Level 2 . | . . . Level 3 . | . . . Level 4 . | . . . Level 5 . | . . . High Security . | . . . Max Security . | . . . Peak Influence 132 | . 132 . Initial . | . . . Average 41 | . 44 . Influence Increases 564 | . 454 110 Destroy 0b10 Robot/C 400 | . 320 80 Destroy 0b10 Robot/NC 15 | . 15 . Destroy Leader 66 | . 66 . Successful Hack 8 | . 8 . Disable Machine 15 | . 15 . Lose Combat Pursuer 60 | . 30 30 Influence Decreases 564 | . 352 212 Entered New Map 50 | . . 50 Time Decay 474 | . 332 142 Lost Part 40 | . 20 20 Squads Dispatched 1 | . 1 . Investigation 1 | . 1 . Extermination . | . . . Reinforcement . | . . . Assault . | . . . Garrison . | . . . Intercept . | . . . Searches Triggered . | . . . Construction Impeded . | . . . Haulers Reinforced . | . . . Active Scanning Responses . | . . . Cargo Convoy Interrupts . | . . . Stealth | -11 -10 -10 --------- Run | Yrd Mat Sub Distress Signals 2 | . 2 . Communications Jammed . | . . . Distress Signals . | . . . Times Spotted 36 | . 29 7 Peak Tracking Total 6 | . 5 6 Tactical Retreats 4 | . 3 1 Traps | -11 -10 -10 ------- Run | Yrd Mat Sub Traps Triggered 1 | . 1 . Indirectly . | . . . Trap Hack Attempts . | . . . Triggered . | . . . Disarmed . | . . . Reprogrammed . | . . . Reused . | . . . Traps Extracted . | . . . Installed . | . . . Triggered . | . . . Machines | -11 -10 -10 ---------- Run | Yrd Mat Sub Machines Disabled 1 | . 1 . Max in Single Turn 1 | . 1 . Machines Repaired . | . . . Machines Dismantled . | . . . Machines Sabotaged . | . . . Overloaded Fab Kills . | . . . Hacking | -11 -10 -10 --------- Run | Yrd Mat Sub Machines Accessed 3 | . 3 . Terminals 3 | . 3 . Fabricators . | . . . Repair Stations . | . . . Recycling Units . | . . . Scanalyzers . | . . . Garrison Access . | . . . Total Hacks 6 | . 6 . Successful 5 | . 5 . Failed 1 | . 1 . Catastrophic . | . . . Database Lockouts . | . . . Manual 3 | . 3 . Terminals 6 | . 6 . Fabricators . | . . . Repair Stations . | . . . Recycling Units . | . . . Scanalyzers . | . . . Garrison Access . | . . . Terminal Hacks 2 | . 2 . Record 1 | . 1 . Alert Level 1 | . 1 . Fabricator Hacks . | . . . Repair Station Hacks . | . . . Recycling Unit Hacks . | . . . Scanalyzer . | . . . Garrison Access Hacks . | . . . Unauthorized Hacks 3 | . 3 . Terminals 3 | . 3 . Botnet 3 | . 3 . Fabricators . | . . . Repair Stations . | . . . Recycling Units . | . . . Scanalyzers . | . . . Garrison Access . | . . . Data Cores Recovered . | . . . Used . | . . . Hacking Detections 2 | . 2 . Full Trace Events . | . . . Feedback Events . | . . . Feedback Blocked . | . . . Robot Schematics Acquired . | . . . Robots Built . | . . . Authchips . | . . . Time . | . . . Total Robot Build Rating . | . . . Part Schematics Acquired . | . . . Parts Built . | . . . Authchips . | . . . Time . | . . . Total Part Build Rating . | . . . Parts Repaired . | . . . Time . | . . . Parts Recycled . | . . . Recycled Matter . | . . . Retrieved Matter . | . . . Retrieved Components . | . . . Parts Scanalyzed . | . . . Part Schematics Acquired . | . . . Parts Damaged . | . . . Bothacking | -11 -10 -10 ------------ Run | Yrd Mat Sub Used RIF Installer . | . . . Robots Hacked . | . . . Non-combat . | . . . Combat . | . . . Robot Hacks Applied . | . . . Relay Couplers Released . | . . . Fabnet Peak Effective % . | . . . Robots Rewired . | . . . Allies Hacked . | . . . Hacks Repelled . | . . . Allies | -11 -10 -10 -------- Run | Yrd Mat Sub Total Allies . | . . . Largest Group . | . . . Highest-Rated Group . | . . . Highest-Rated Ally . | . . . Total Orders . | . . . Ally Attacks . | . . . Total Damage . | . . . Kills . | . . . Allies Corrupted . | . . . Allies Melted . | . . . Intel | -11 -10 -10 ------- Run | Yrd Mat Sub Active Infowar (turns) . | . . . Robot Analysis Total . | . . . Derelict Logs Recovered . | . . . Drone Launches . | . . . Drone Recoveries . | . . . Exploration | -11 -10 -10 ------------- Run | Yrd Mat Sub Turns Passed 1609 | 68 1048 493 Spaces Moved 1139 | 52 761 326 Core 14 | 14 . . Treads . | . . . Legs 234 | 38 196 . Wheels 891 | . 565 326 Hover . | . . . Flight . | . . . Fastest Speed 50 | 50 90 107 Average Speed 115 | 101 114 117 Slowest Speed 145 | 120 145 140 Overloaded Moves . | . . . Propulsion Burnouts . | . . . Robots Hopped . | . . . Potential Cave-ins . | . . . Cave-ins Triggered . | . . . Exploration Rate (%) 36 | 5 82 23 Regions Visited 2 Branch Regions 1 Pre-discovered Areas . | . . . Known Exits Taken . | . . . Unknown Exits Taken 2 | 1 1 . Scrap Searched . | . . . Spaces Dug . | . . . Terrain Destroyed 17 | . . 17 Melee . | . . . Projectile . | . . . AOE 17 | . . 17 Terrain Rammed . | . . . Walls Destroyed . | . . . Machines Disabled . | . . . Actions | -11 -10 -10 --------- Run | Yrd Mat Sub Total 1292 | 64 851 377 Wait 18 | 1 5 12 Move 1137 | 51 760 326 Hop . | . . . Pick Up 32 | 6 24 2 Fast Attach 8 | 6 2 . Attach 4 | . 2 2 Detach . | . . . Swap 12 | . 6 6 Drop 12 | . 10 2 Fire 69 | . 42 27 Melee . | . . . Ram . | . . . Kick . | . . . Crush . | . . . Escape Stasis . | . . . Rewire . | . . . Trap . | . . . Miscellaneous . | . . . Route ------- -11/Scrapyard -10/Materials (discovered 5 exits: [*Mat x3] / [*Min] / [*Sub]) -10/Subcaves History --------- Turn | Location | Event 2 | -11/Scrapyard | Met Revision 17 5 | -11/Scrapyard | Discovered new exit (range 15) 69 | -11/Scrapyard | Entered Materials 308 | -10/Materials | Build established: Mutant 339 | -10/Materials | Discovered new exit (range 7) 369 | -10/Materials | Discovered new exit (range 15) 415 | -10/Materials | Discovered new exit (range 13) 758 | -10/Materials | Discovered new exit (range 13) 769 | -10/Materials | Derelicts attacked the area 958 | -10/Materials | Core integrity fell below 50% 1087 | -10/Materials | Discovered new exit (range 7) 1117 | -10/Materials | Entered Subcaves 1221 | -10/Subcaves | Core integrity fell below 20% 1262 | -10/Subcaves | Shifting Twisted Machinery released Battle Rifle 1262 | -10/Subcaves | Shifting Twisted Machinery released Flamer 1610 | -10/Subcaves | Destroyed by DU-5GC(R) with Subdweller Beam Cannon Last Messages --------------- 01225_ S-10 Pest destroyed. 01227_ Subatomizers dissect the Disposable Heat Sink, destroying it. 01228_ Acquired 35 matter. 01242_ Subatomizers dissect the Sub. Monowheel. Battle Rifle falls loose from the Twisted Machinery. Flamer falls loose from the Twisted Machinery. 01286_ Dropped Lgt. Ion Engine. 01286_ Acquired Battle Rifle. 01360_ Subatomizers dissect the Sub. Optics. 01376_ CA-FTD(u) builds Twisted Machinery. 01383_ Sub. Monowheel shoots sparks and powers down. 01386_ CA-FTD(u) builds Twisted Machinery. 01557_ 70-AKQ(R) destroyed. 01564_ Acquired Sub. Monowheel. 01567_ Dropped Broken Sub. Monowheel. 01578_ Subatomizers dissect the Sub. Machine Gun. Map ----- +----------------------------------------------------+ | ??## ##??????# #??# "" #??????????????? | | ???# ###???## #???#"" #??????????????? | | ???# ##### #???##" #??????????????? | | ??## ## ####?## ## #??????????????? | | ### # #### ### ##??????????????? | | " ##?#####???????????????? | | # " ##??????????????????????? | | ## # # ## # ##???????????????????????? | | ?# ### ########### ###????###????????????????? | | ?###### ##????????## ##??# #????????????????? | | ????## ##??????### #?? #????????????????? | | ##### ##?##### #?? #??######????????? | | ### #?? ??## ##???????? | | # ##?# #### #???????? | | # ### #### # # # #???????? | | ## ##### ## #???????? | | ?## #??## ## #???????? | | ??# #???## ## ## ### #???????? | | ??# ###????## ### #????## ##???????? | | ??# #####???????# #?### #??###### #???????? | | ??##????????????# ##### #??# #### #???????? | | ????????????????##### #??# ## #???????? | | ???????????????????## = #### "# ##???????? | | ?????????????????### [%& ## "" #????????? | | ?????????????????# *& " #????????? | | ?????????????????# @ ####????????? | | ????????????????# ## ### #???????????? | | ???????????????# ## #?## ##???????????? | | ???????????????## ## #?####????????????? | | ????????????????# ## ##?????????????????? | | ????????????????## ?###??????????????????? | | ?????????????????# ??????????????????????? | | ?????????????????## ??????????????????????? | | ??????????????????#### ??????????????????????? | | ?????????????????????## R ??????????????????????? | | ??????????????????????# "?????????????????????? | | ??????????????????????# "?????????????????????? | | ?????????????????????? ?????????????????????? | | ?????????????????????? "?????????????????????? | | ?????????????????????? ?????????????????????? | | ??????????????????????? """??????????????????????? | | ?????????????????????????????????????????????????? | | ?????????????????????????????????????????????????? | | ?????????????????????????????????????????????????? | | ?????????????????????????????????????????????????? | | ?????????????????????????????????????????????????? | | ?????????????????????????????????????????????????? | | ?????????????????????????????????????????????????? | | ?????????????????????????????????????????????????? | | ?????????????????????????????????????????????????? | +----------------------------------------------------+ Best States ------------- Heat Dissipation 25 Energy Generation 10 Energy Capacity 250 Matter Stores 300 Matter Capacity 300 Sight Range 16 Terrain Scan Density 10 Evasion (%) 55 Targeting Accuracy 5 Item Schematics ----------------- None Robot Schematics ------------------ None Fabricated ------------ Nothing Repaired ---------- Nothing Alien Tech Used ----------------- None Achievements -------------- None Challenges ------------ None Game ------ Seed DirtyJunkObliterator Manual? 0 Play Time 00:15:45 Cumulative 261.3 hours Start 2025.05.24 @ 18:26:21 End 2025.05.24 @ 18:41:55 Sessions 1 Manual Loads 0 Difficulty Rogue Special Mode None Game No. 394 Rogue 394 Adventurer 0 Explorer 0 Win Type - Total 1 Types 1/0/0/0/0/0/0/0/0/0 Lore% 63 Gallery% 62 Achievement% 43 Wizard Run 0 Options --------- Layout 1 ASCII 0 Keyboard 0 Movement Mouse Keybinds 0 Fullscreen 2 Font 24/Smallcaps Map View 50x35 Zoom Use 0% Tactical HUD 1 Map Filters NONE Filters NONE Steam 1 RUN: edb2208b-8b52-4d1c-ad86-a75d52400160